 Dungeon Crawl Stone Soup version 0.31-a0-1206-g41278d8d1d (webtiles) character file.

Game seed: 8014066823125752395

54217 TransRights the Bludgeoner (level 14, 0/130 HPs)
             Began as a Minotaur Berserker on Dec 13, 2023.
             Was a High Priest of Trog.
             Slain by a gargoyle
             ... wielding a +0 mace
              (7 damage)
             ... on level 11 of the Dungeon on Dec 14, 2023.
             The game lasted 00:43:05 (10307 turns).

TransRights the Bludgeoner (Minotaur Berserker)    Turns: 10307, Time: 00:43:06

Health: 0/130      AC: 18    Str: 24    XL:     14   Next: 33%
Magic:  13/13      EV: 15    Int:  4    God:    Trog [*****.]
Gold:   713        SH:  0    Dex: 13    Spells: 13/13 levels left

rFire   + . .        f - +4 great mace (heavy)
rCold   . . .        (shield currently unavailable)
rNeg    . . .        D - +2 swamp dragon scales
rPois   +            g - +1 hat
rElec   .            o - +2 cloak {rCorr}
rCorr   +            (no gloves)
SInv    .            m - +0 pair of boots
Will    +++..        (no amulet)
Stlth   ++           G - ring of resist corrosion
HPRegen 1.41/turn    r - ring of protection from fire
MPRegen 0.13/turn

%: no passive effects
@: strong-willed (expiring), regenerating (expiring), slowed, very slow
A: horns 2, retaliatory headbutt
a: Renounce Religion, Berserk, Trog's Hand, Brothers in Arms


You were on level 11 of the Dungeon.
You worshipped Trog.
Trog was extremely pleased with you.
You visited 2 branches of the dungeon, and saw 12 of its levels.
You also visited: Bailey.

You collected 713 gold pieces.

Inventory:

Hand Weapons
 a - a +4 battleaxe
 b - the +6 war axe of Doom {spect, rPois Str-5 Dex+7 SInv}
   (You found it on level 6 of the Dungeon)

   Str-5:     It affects your strength (-5).
   Dex+7:     It affects your dexterity (+7).
   rPois:     It protects you from poison SInv: It lets you see invisible.
 c - a +0 arbalest
 f - a +4 heavy great mace (weapon)
 h - a +4 flail of protection
 s - a +5 falchion of freezing
 w - a -1 demon whip of venom
 y - a +2 trident of draining
 E - a +2 antimagic shortbow
 I - a +5 short sword
Armour
 g - a +1 hat (worn)
 j - a +0 robe of willpower
 l - a +1 chain mail
 m - a +0 pair of boots (worn)
 o - a +2 cloak of preservation (worn)
 A - an orb of mayhem
 D - +2 swamp dragon scales (worn)
 H - a +3 leather armour
 N - a +4 ring mail
Jewellery
 e - a ring of poison resistance
 q - the amulet "Qinoug" {RegenMP rElec rC++ Dex-5}
   (You took it off a gnoll in a bailey)

   [amulet of magic regeneration]

   RegenMP:   It increases your rate of magic regeneration.
   Dex-5:     It affects your dexterity (-5).
   rC++:      It greatly protects you from cold.
   rElec:     It insulates you from electricity.
 r - a ring of protection from fire (right hand)
 G - a ring of resist corrosion (left hand)
Wands
 d - a wand of digging (7)
Scrolls
 k - 7 scrolls of teleportation
 p - 2 scrolls of poison
 v - 2 scrolls of blinking
 B - a scroll of noise {unknown}
 J - a scroll of immolation
 K - a scroll of vulnerability
 M - a scroll of butterflies
Potions
 i - a potion of lignification
 n - 2 potions of attraction
 t - a potion of degeneration {unknown}
 u - a potion of ambrosia {unknown}
 x - a potion of brilliance {unknown}
 z - 2 potions of curing
 C - 6 potions of mutation
 L - a potion of magic {unknown}
Miscellaneous
 F - a phial of floods


   Skills:
 + Level 13.6 Fighting
 + Level 3.9(11.8) Axes
 + Level 16.9(17.1) Maces & Flails
 + Level 1.8(3.1) Polearms
 + Level 12.1 Armour
 + Level 10.1 Dodging
 + Level 4.9 Stealth


You had 13 spell levels left.
You didn't know any spells.
Your spell library contained the following spells:

 Spells                   Type           Power      Damage    Failure   Level
 Ensorcelled Hibernation  Hex/Ice        0%         N/A       77%         2
 Jinxbite                 Hex            0%         N/A       77%         2
 Inner Flame              Hex/Fire       0%         N/A       94%         3
 Tukima's Dance           Hex            0%         N/A       94%         3
 Anguish                  Hex/Necr       0%         N/A       100%        4
 Passage of Golubria      Tloc           0%         N/A       100%        4
 Vhi's Electric Charge    Tloc/Air       0%         N/A       100%        4
 Arcjolt                  Conj/Air       0%         1d10      100%        5
 Yara's Violent Unravell  Hex/Tmut       0%         3d3       100%        5
 Enfeeble                 Hex            0%         N/A       100%        7
 Maxwell's Capacitive Co  Air            0%         ∞         100%        8


Dungeon Overview and Level Annotations

Branches:
Dungeon (11/15)            Temple (1/1) D:4            Lair (0/5) D:10
 Bailey (visited)
    Orc: D:9-12

Altars:
Ashenzari
Cheibriados
Dithmenos
Elyvilon
Fedhas
Gozag
Hepliaklqana
Kikubaaqudgha
Makhleb
Nemelex Xobeh
Okawaru
Qazlal
Ru
Sif Muna
Trog
Uskayaw
Vehumet
Wu Jian
Xom
Yredelemnul
Zin
The Shining One

Shops:
D:5 ?   D:6 !


Innate Abilities, Weirdness & Mutations

You have a pair of horns on your head.
You reflexively headbutt those who attack you in melee.


Message History

The killer bee stings you but does no damage. x3
The killer bee stings you.
* * * LOW HITPOINT WARNING * * *
The centaur hits you but does no damage.
The centaur kicks you but does no damage.
The gargoyle hits you but does no damage.
The orc warrior hits you but does no damage.
The orc hits you with a +0 flail.
* * * LOW HITPOINT WARNING * * *
The orc hits you but does no damage. The wraith hits you but does no damage.
The killer bee stings you but does no damage.
The killer bee completely misses you. The centaur hits you.
* * * LOW HITPOINT WARNING * * *
The centaur kicks you but does no damage.
The howler monkey hoots and howls with incredible vigour!
The orc hits you but does no damage.
The orc warrior hits you from afar with a +0 trident!
* * * LOW HITPOINT WARNING * * *
The wraith hits you but does no damage. The orc hits you but does no damage.
The gargoyle barely misses you.
You closely miss the wraith.
The wraith is lightly damaged.
You feel less wooden.
Your +2 cloak of preservation unmelds from your body.
Your +1 hat unmelds from your body.
Your +0 pair of boots unmelds from your body.
Your +2 swamp dragon scales unmelds from your body.
The sentinel's mark upon you fades away.
The killer bee stings you but does no damage.
The killer bee stings you.
* * * LOW HITPOINT WARNING * * *
The centaur hits you.
* * * LOW HITPOINT WARNING * * *
The centaur barely misses you.
The killer bee stings you but does no damage.
The killer bee barely misses you. The killer bee misses you.
The centaur misses you. The centaur barely misses you.
The killer bee stings you but does no damage.
The gargoyle hits you with a +0 mace!
You die...

..... ....... #........
.......##........
................
...............
.........##..###########
.......c.##..)...#..>...
......oy9.....)).#......
......c@yh....)).'......
......oW##.......#......
......o.##.......#......
.................#......
....##.......#####.#####
.... #........ ..# ...
.......... ...# ..
..............# ....


You could see a wraith, an orc warrior, a gargoyle, 2 centaurs, a howler monkey
(catching breath), 2 killer bees and 2 orcs.

Vanquished Creatures
  An orc warlord (Bailey)
  A centaur warrior (D:8)
  3 two-headed ogres
  Amaemon (D:8)
  An orc knight (Bailey)
  A gargoyle (D:7)
  An orange demon (D:8)
  Maggie (D:6)
  Jeremiah (D:8)
  A hornet (D:9)
  A shadow (D:10)
  11 yaks
  2 wyverns (D:10)
  2 basilisks
  Grum (D:8)
  A human (D:11)
  Edmund (D:5)
  3 water moccasins
  17 orc warriors
  4 black bears
  3 ice beasts
  2 ogres
  2 sky beasts (D:8)
  6 wolves
  2 centaurs
  The ghost of LeprechaunX the Changeling, an amateur OpSh (D:3)
  3 phantoms
  2 kobold brigands
  3 bullfrogs
  4 scorpions
  A gnoll sergeant (D:10)
  17 wights
  3 killer bees (D:11)
  6 howler monkeys
  2 jellies (D:8)
  6 hounds
  8 orc priests
  A gnoll bouda (D:9)
  2 bullfrog skeletons (D:3)
  Terence (D:2)
  Jessica (D:2)
  6 sleepcaps
  Natasha (twice) (D:2)
  3 iguanas
  15 orc wizards
  A howler monkey zombie (D:3)
  Robin (D:2)
  26 gnolls
  8 adders
  A white imp (D:7)
  A worm (D:4)
  2 dart slugs (D:4)
  48 orcs
  3 bats
  6 endoplasms
  2 giant cockroaches
  30 goblins
  13 hobgoblins
  7 jackals
  18 kobolds
  7 quokkas
  8 ball pythons
  6 frilled lizards
  6 rats
351 creatures vanquished.

Vanquished Creatures (collateral kills)
  A gnoll (D:6)
1 creature vanquished.

Vanquished Creatures (others)
  An orc wizard (D:6)
1 creature vanquished.

Grand Total: 353 creatures vanquished

Notes
Turn   | Place    | Note
-------+----------+-------------------------------------------
     0 | D:1      | TransRights the Minotaur Berserker began the quest for the
                  | Orb.
     0 | D:1      | Reached XP level 1. HP: 19/19 MP: 0/0
   436 | D:1      | Reached skill level 4 in Maces & Flails
   443 | D:1      | Reached XP level 2. HP: 24/27 MP: 1/1
   839 | D:1      | You fall into a shaft and drop 1 floor!
   847 | D:2      | Noticed Terence
   856 | D:2      | Killed Terence
   857 | D:2      | Reached XP level 3. HP: 22/34 MP: 2/2
   971 | D:2      | Reached ** piety under Trog
   991 | D:2      | Reached XP level 4. HP: 39/41 MP: 3/3
   998 | D:2      | Noticed Robin
  1011 | D:2      | Killed Robin
  1192 | D:2      | Noticed Natasha
  1195 | D:2      | Reached skill level 5 in Fighting
  1200 | D:2      | Killed Natasha
  1201 | D:2      | Reached XP level 5. HP: 46/48 MP: 4/4
  1251 | D:2      | Found a faded altar of an unknown god.
  1322 | D:2      | Noticed Natasha
  1325 | D:2      | Noticed Jessica
  1328 | D:2      | Killed Natasha
  1329 | D:2      | Reached skill level 1 in Polearms
  1334 | D:2      | Reached skill level 5 in Maces & Flails
  1338 | D:2      | Killed Jessica
  1574 | D:3      | Reached XP level 6. HP: 47/56 MP: 5/5
  1645 | D:3      | Found a hide-covered altar of Uskayaw.
  1821 | D:3      | Reached *** piety under Trog
  2121 | D:3      | Found a transporter.
  2124 | D:3      | Noticed LeprechaunX's ghost (amateur OpSh)
  2130 | D:3      | Reached skill level 6 in Maces & Flails
  2258 | D:3      | Found a transporter.
  2606 | D:3      | Reached XP level 7. HP: 47/62 MP: 6/6
  2614 | D:3      | Killed LeprechaunX's ghost
  2615 | D:3      | Reached skill level 7 in Maces & Flails
  2768 | D:4      | Reached skill level 5 in Armour
  3036 | D:4      | Found a staircase to the Ecumenical Temple.
  3228 | D:4      | Identified the +11 hand axe of the Apocalypse {drain,
                  | Int+3}
  3264 | D:4      | Found an ancient bone altar of Kikubaaqudgha.
  3296 | D:4      | Reached skill level 8 in Maces & Flails
  3320 | D:4      | Reached XP level 8. HP: 71/71 MP: 7/7
  3462 | Temple   | Entered the Ecumenical Temple
  3489 | D:5      | Entered Level 5 of the Dungeon
  3589 | D:5      | Reached **** piety under Trog
  3662 | D:5      | Found Igujett's Magic Scroll Emporium.
  3866 | D:5      | Noticed Edmund
  3873 | D:5      | Reached skill level 9 in Maces & Flails
  3881 | D:5      | Killed Edmund
  4112 | D:5      | Found an ornate altar of the Wu Jian Council.
  4334 | D:5      | Reached skill level 10 in Maces & Flails
  4714 | D:6      | Reached XP level 9. HP: 67/79 MP: 8/8
  4756 | D:6      | Noticed Maggie
  4762 | D:6      | Killed Maggie
  4965 | D:6      | Identified the +6 war axe of Doom {spect, rPois Str-5 Dex+7
                  | SInv}
  5021 | D:6      | Reached skill level 11 in Maces & Flails
  5237 | D:6      | HP: 4/81 [orc priest/divine providence (15)]
  5532 | D:6      | Found a hazy altar of Hepliaklqana.
  5533 | D:6      | Found a glowing silver altar of Zin.
  5534 | D:6      | Found an iron altar of Okawaru.
  5534 | D:6      | Found a glowing golden altar of the Shining One.
  5541 | D:6      | Reached ***** piety under Trog
  5643 | D:6      | Reached skill level 1 in Stealth
  5648 | D:6      | Reached skill level 12 in Maces & Flails
  5662 | D:6      | Found Estront's Distillery.
  5680 | D:6      | Reached XP level 10. HP: 58/90 MP: 9/9
  6332 | D:7      | Noticed a gargoyle
  6339 | D:7      | Reached skill level 5 in Dodging
  6343 | D:7      | Killed a gargoyle
  6759 | D:7      | Found a flagged portal.
  6778 | Bailey   | Entered a bailey
  6854 | Bailey   | Noticed an orc knight
  6875 | Bailey   | Killed an orc knight
  6876 | Bailey   | Reached skill level 13 in Maces & Flails
  7342 | Bailey   | Noticed an orc warlord
  7414 | Bailey   | Killed an orc warlord
  7415 | Bailey   | Reached skill level 10 in Fighting
  7520 | Bailey   | Identified the amulet "Qinoug" {RegenMP rElec rC++ Dex-5}
  7570 | Bailey   | Reached skill level 14 in Maces & Flails
  7570 | Bailey   | Reached skill level 10 in Armour
  7570 | Bailey   | Reached XP level 11. HP: 73/102 MP: 10/10
  8080 | D:8      | Noticed Grum
  8091 | D:8      | Killed Grum
  8146 | D:8      | Noticed Jeremiah
  8226 | D:8      | Noticed Amaemon
  8293 | D:9      | Reached XP level 12. HP: 65/110 MP: 11/11
  8309 | D:9      | Reached skill level 15 in Maces & Flails
  8316 | D:9      | Noticed a two-headed ogre
  8356 | D:9      | Killed a two-headed ogre
  8373 | D:9      | Received a gift from Trog
  8415 | D:9      | Reached XP level 13. HP: 111/118 MP: 12/12
  8416 | D:9      | Reached skill level 16 in Maces & Flails
  8416 | D:9      | Reached XP level 14. HP: 120/127 MP: 13/13
  8735 | D:8      | Killed Amaemon
  8875 | D:8      | Killed Jeremiah
  9572 | D:10     | Entered Level 10 of the Dungeon
  9604 | D:10     | Found a staircase to the Lair.
  9730 | D:10     | Reached skill level 10 in Dodging
 10251 | D:10     | You fall into a shaft and drop 1 floor!
 10307 | D:11     | Slain by a gargoyle

Illustrated notes

Levels and vault maps discovered:
D:1:      dpeg_arrival_subterranean_lakeside_camping, layout_loops_ring,
          minmay_misc_feat_enclosed, kennysheep_small_spiral, minivault_23
D:2:      layout_basic, shapermc_ecumenical_altar_totnotflames,
          minmay_misc_feat_cross, kennysheep_jessica_study, uniq_jessica,
          uniq_natasha, uniq_terence, uniq_robin
D:3:      layout_loops_corners, nicolae_uskayaw_murder_on_the_dancefloor,
          gammafunk_ghost_mausoleum
D:4:      layout_rooms, mainiacjoe_overflow_24_doors,
          minmay_temple_entry_drinking_statues, minmay_distorted
D:5:      layout_cave_pods, mainiacjoe_overflow_six_doors_small, serial_shops,
          shop, uniq_edmund
D:6:      layout_loops_cross, mainiacjoe_overflow_alcove_3, serial_shops, shop,
          uniq_maggie
D:7:      layout_loops_ring, enter_bailey_3
D:8:      layout_basic, uniq_jeremiah, uniq_grum, uniq_amaemon
D:9:      layout_rooms
D:10:     layout_loops_cross, minmay_lair_entry_grove
D:11:     layout_grid_maze, erik_orc_4, minmay_splitting_lines, uniq_erica
Temple:   minmay_freezing_vapour_temple

Skill      XL: |  1  2  3  4  5  6  7  8  9 10 11 12 13 14 |
---------------+-------------------------------------------+-----
Maces & Flails | 4 5 6 8 10 12 14 15 16 | 16.9
Fighting       | 4 5 6 7 8 11 12 13 | 13.6
Armour         | 3 4 5 6 8 10 11 12 | 12.1
Polearms       | 1 |  1.8
Dodging        | 3 4 7 8 9 10 | 10.1
Stealth        | 1 3 4 |  4.9
Axes           | 3 |  3.9

Action                     |  1- 3 |  4- 6 |  7- 9 | 10-12 | 13-15 || total
---------------------------+-------+-------+-------+-------+-------++-------
  Melee: Mace              |    42 |       |       |       |       ||    42
         Headbutt          |     9 |     7 |    53 |    57 |    22 ||   148
         Trident           |    26 |       |       |       |       ||    26
         Flail             |       |   129 |   238 |   310 |       ||   677
         Punch             |       |       |     4 |     6 |       ||    10
         Morningstar       |       |       |    29 |       |       ||    29
         Great mace        |       |       |       |       |   136 ||   136
 Invoke: Trog's Hand       |       |     1 |     2 |     2 |     1 ||     6
         Brothers in Arms  |       |       |       |     1 |       ||     1
    Use: Scroll            |     2 |     2 |    16 |    13 |       ||    33
         Potion            |       |       |     2 |     5 |     2 ||     9
   Stab: Sleeping          |       |       |       |       |     1 ||     1
 Armour: Animal skin       |    22 |       |       |       |       ||    22
         Scale mail        |    15 |    46 |       |       |       ||    61
         Skin              |     1 |       |       |    59 |   205 ||   265
         Chain mail        |       |    72 |   137 |       |       ||   209
         Swamp dragon scal |       |       |    74 |   179 |   135 ||   388
  Dodge: Dodged            |    45 |    59 |   124 |   173 |   168 ||   569

Table legend: (Time is in decaauts)
 A = Elapsed time spent in this place.
 B = Non-inter-level travel time spent in this place.
 C = Inter-level travel time spent in this place.
 D = Time resting spent in this place.
 E = Time spent auto-exploring this place.
 F = Levels seen in this place.
 G = Mean time per level.
                   A        B        C        D        E       F      G
               +--------+--------+--------+--------+--------+-----+--------+
         Total |  10209 |   9400 |    809 |      0 |   5327 |  13 |  785.3 |
       Dungeon |   9386 |   8577 |    809 |      0 |   5280 |  11 |  853.3 |
        Temple |     16 |     16 |      0 |      0 |      0 |   1 |   16.0 |
        Bailey |    806 |    806 |      0 |      0 |     47 |   1 |  806.0 |
               +--------+--------+--------+--------+--------+-----+--------+

Top non-repeatable levels by time:
     D:6: 1539 daAuts
     D:3: 1209 daAuts
     D:8: 1075 daAuts
     D:5: 1068 daAuts
     D:1: 847 daAuts
  Bailey: 806 daAuts
     D:7: 795 daAuts
     D:4: 746 daAuts
     D:2: 706 daAuts
    D:10: 699 daAuts
     D:9: 628 daAuts
    D:11: 70 daAuts
  Temple: 16 daAuts
